AoeStats
← AdemaroK

Hill Fort

506711355Analyzed
2v2 RM · 18d ago on Sep 14, 2026· 63m 54s· 4 players
Game mode
Random Map
Map size
Medium (4 player)
Population
200
Speed
Normal
Resources
Standard
Victory
Conquest
Starting age
Dark Age
Ending age
Imperial Age
RankedLock teamsTeams togetherTeam positionsShared explorationLock speedFull tech treeHidden civsTurbo modeCheats
Victory
Defeat
🇨🇿 Britons · Czechia
608
+15
🇵🇱 Poles · Poland
593
+16
🇬🇧 Khmer · United Kingdom
604
-16
🇬🇧 Poles · United Kingdom
588
-15
Gumar
13:02 Feudal Age
13:32 Double-Bit Axe
13:29 Horse Collar
25:35 Castle Age
26:27 Heavy Plow
26:39 Bow Saw
28:14 Gold Mining
28:04 Pikeman
28:06 Elite Skirmisher
33:43 Fletching
33:53 Padded Archer Armor
35:43 Light Cavalry
41:31 Bloodlines
41:21 Husbandry
49:07 Wheelbarrow
49:20 Stone Mining
56:17 Imperial Age
56:14 Hand Cart
55:45 Town Watch
55:45 Loom
57:33 Crop Rotation
57:25 Winged Hussar
57:27 Cavalier
60:55 Chemistry
60:15 Ballistics
63:16 Szlachta Privileges
63:32 Conscription
62:49 Onager
Radim
0:29 Loom
10:26 Feudal Age
11:44 Horse Collar
20:58 Castle Age
18:52 Gold Mining
19:38 Stone Mining
19:39 Town Watch
23:16 Double-Bit Axe
25:56 Heavy Plow
27:56 Wheelbarrow
27:07 Town Watch
30:29 Bow Saw
35:30 Imperial Age
34:38 Gold Shaft Mining
34:35 Fortified Wall
35:19 Fletching
35:29 Padded Archer Armor
36:39 Ballistics
36:17 Bodkin Arrow
36:48 Town Patrol
37:44 Elite Longbowman
38:45 Conscription
40:21 Leather Archer Armor
40:53 Hand Cart
41:49 Yeomen
43:31 Ring Archer Armor
43:02 Bracer
45:01 Caravan
49:47 Murder Holes
50:53 Chemistry
51:23 Two-Man Saw
54:28 Warwolf
54:18 Treadmill Crane
56:16 Masonry
AdemaroK
4:53 Loom
12:18 Feudal Age
16:45 Wheelbarrow
17:10 Horse Collar
17:23 Double-Bit Axe
17:38 Town Watch
22:40 Castle Age
22:13 Forging
24:17 Iron Casting
23:08 Man-at-Arms
24:02 Town Watch
27:16 Szlachta Privileges
27:58 Heavy Plow
28:30 Pikeman
30:14 Bloodlines
30:04 Husbandry
33:54 Fletching
34:13 Scale Barding Armor
39:11 Hand Cart
39:59 Light Cavalry
41:11 Chain Barding Armor
41:16 Gold Mining
47:16 Imperial Age
48:42 Elite Skirmisher
49:27 Thumb Ring
49:25 Town Patrol
49:29 Padded Archer Armor
49:25 Bodkin Arrow
51:49 Bracer
51:59 Scale Mail Armor
52:31 Leather Archer Armor
55:12 Cavalier
56:26 Conscription
64:12 Lechitic Legacy
Jack
10:23 Feudal Age
10:51 Double-Bit Axe
19:01 Castle Age
20:38 Horse Collar
21:12 Bow Saw
24:32 Stone Mining
28:51 Ballistics
28:31 Fletching
28:42 Padded Archer Armor
32:23 Gold Mining
33:33 Bodkin Arrow
39:53 Leather Archer Armor
39:40 Tusk Swords
42:04 Gold Shaft Mining
44:09 Man-at-Arms
45:23 Heavy Plow
50:55 Imperial Age
60:52 Conscription
61:50 Long Swordsman
Connection lost

Rejoining the realm…

Still unreachable

The connection could not be restored.

Session expired

The server has moved on; the page needs a fresh start.